TOP OF THE 1ST |
Quad Cities Angels batting - Pitching for Wausau Timbers : RHP Brian Buckley
|
Pitching: RHP Brian Buckley
|
|
Batting: RHB Mike Sharperson
|
0-0: Called Strike 0-1: Ball 1-1: Ball 2-1: Ground out 4-3 (Groundball, 34, EV 84.4 MPH)
|
Batting: SHB Frank Diaz
|
0-0: Swinging Strike 0-1: Ball 1-1: Ball 2-1: Ball 3-1: Called Strike 3-2: Base on Balls
|
Batting: RHB Dionisio DeJesus
|
0-0: Called Strike 0-1: Swinging Strike 0-2: SINGLE (Flyball, 8RS, EV 92.5 MPH) Frank Diaz to second Runner from 2nd tries for 3rd, SAFE, throw by CF made to third
|
Batting: LHB Bob Helsom
|
0-0: Ball 1-0: Grounds into double play, 4-6-3 (Groundball, 4, EV 80.6 MPH)
|
Top of the 1st over - 0 runs, 1 hit, 0 errors, 1 left on base; Quad Cities 0 - Wausau 0 |
BOTTOM OF THE 1ST |
Wausau Timbers batting - Pitching for Quad Cities Angels : RHP Mark Brown
|
Pitching: RHP Mark Brown
|
|
Batting: RHB John Nicolo
|
0-0: Called Strike 0-1: Ball 1-1: Ball 2-1: Ground out 2-3 (Groundball, 13S, EV 65.0 MPH)
|
Batting: LHB Rodney Nealeigh
|
0-0: Foul Ball, location: 2F 0-1: Swinging Strike 0-2: Strikes out swinging
|
Batting: RHB Rich Renteria
|
0-0: Called Strike 0-1: Swinging Strike 0-2: Ball 1-2: Fly out, F4 (Popup, 3D, EV 50.0 MPH)
|
Bottom of the 1st over - 0 runs, 0 hits, 0 errors, 0 left on base; Quad Cities 0 - Wausau 0 |
TOP OF THE 2ND |
Quad Cities Angels batting - Pitching for Wausau Timbers : RHP Brian Buckley
|
Batting: RHB Oscar Mejia
|
0-0: Called Strike 0-1: Fly out, F8 (Flyball, 8RXD, EV 98.1 MPH)
|
Batting: LHB Chuck Sandberg
|
0-0: Called Strike 0-1: Ball 1-1: Foul Ball, location: 2F 1-2: Foul Ball, location: 2F 1-2: Ball 2-2: Foul Ball, location: 2F 2-2: Ball 3-2: Foul Ball, location: 2F 3-2: Foul Ball, location: 2F 3-2: Foul Ball, location: 2F 3-2: Foul Ball, location: 2F 3-2: Foul Ball, location: 2F 3-2: SINGLE (Groundball, 56D, EV 94.4 MPH)
|
Batting: RHB Greg Griffin
|
0-0: Swinging Strike 0-1: Ball 1-1: Ball 2-1: Foul Ball, location: 2F 2-2: Strikes out swinging
|
Batting: RHB Cecil Strawn
|
0-0: Ball 1-0: Ball 2-0: Foul Ball, location: 2F 2-1: SINGLE (Line Drive, 34, EV 103.1 MPH) Chuck Sandberg to second
|
Batting: LHB Matteo Allucingoli
|
0-0: Fielders Choice at 2nd, 6-4 (Groundball, 6, EV 80.0 MPH)
|
Top of the 2nd over - 0 runs, 2 hits, 0 errors, 2 left on base; Quad Cities 0 - Wausau 0 |
BOTTOM OF THE 2ND |
Wausau Timbers batting - Pitching for Quad Cities Angels : RHP Mark Brown
|
Batting: RHB Douglas Davis
|
0-0: Swinging Strike 0-1: Swinging Strike 0-2: Foul Ball, location: 2F 0-2: Ball 1-2: Strikes out swinging
|
Batting: LHB Ricky Seilheimer
|
0-0: Ball 1-0: Ball 2-0: Ball 3-0: Called Strike 3-1: Ground out U3 (Groundball, 34, EV 106.9 MPH)
|
Batting: LHB Jerry Morton
|
0-0: Foul Ball, location: 2F 0-1: Called Strike 0-2: Strikes out swinging
|
Bottom of the 2nd over - 0 runs, 0 hits, 0 errors, 0 left on base; Quad Cities 0 - Wausau 0 |
TOP OF THE 3RD |
Quad Cities Angels batting - Pitching for Wausau Timbers : RHP Brian Buckley
|
Batting: RHB Mike Sharperson
|
0-0: Ball 1-0: Called Strike 1-1: Ball 2-1: SINGLE (Line Drive, 78S, EV 100.0 MPH)
|
Batting: SHB Frank Diaz
|
0-0: Ball 1-0: Swinging Strike 1-1: Ball 2-1: Swinging Strike 2-2: Ball 3-2: Strikes out swinging
|
Batting: RHB Dionisio DeJesus
|
0-0: Fly out, F5 (Popup, 5D, EV 56.9 MPH)
|
Batting: LHB Bob Helsom
|
0-0: Foul Ball, location: 2F 0-1: Ball Mike Sharperson steals 2nd base 1-1: Foul Ball, location: 2F 1-2: Ball 2-2: Ball 3-2: Foul Ball, location: 2F 3-2: Reached on error, E7 (Flyball, 78S, EV 91.9 MPH) Mike Sharperson scores
|
Batting: RHB Oscar Mejia
|
0-0: Called Strike 0-1: Ball 1-1: SINGLE (Flyball, 56D, EV 86.3 MPH) Bob Helsom to third Runner from 3rd tries for Home, SAFE, throw by LF to home
|
Batting: LHB Chuck Sandberg
|
0-0: Foul Ball, location: 2F 0-1: Foul Ball, location: 2F 0-2: Ball 1-2: Foul Ball, location: 2F 1-2: DOUBLE (Flyball, 8RXD, EV 111.3 MPH) Oscar Mejia to third Runner from 3rd tries for Home, SAFE, no throw by CF
|
Batting: RHB Greg Griffin
|
0-0: Ground out 2-3 (Groundball, 2L, EV 72.5 MPH)
|
Top of the 3rd over - 3 runs, 3 hits, 1 error, 1 left on base; Quad Cities 3 - Wausau 0 |
BOTTOM OF THE 3RD |
Wausau Timbers batting - Pitching for Quad Cities Angels : RHP Mark Brown
|
Batting: RHB Bruce Chaney
|
0-0: Ball 1-0: Ball 2-0: Ball 3-0: Called Strike 3-1: Called Strike 3-2: Base on Balls
|
Batting: RHB Jeffrey Young
|
0-0: Foul Ball, location: 2F 0-1: Ball 1-1: Fly out, F4 (Flyball, 34D, EV 83.8 MPH)
|
Batting: RHB John Pignotti
|
0-0: Grounds into double play, 5-4-3 (Groundball, 56, EV 83.1 MPH)
|
Bottom of the 3rd over - 0 runs, 0 hits, 0 errors, 0 left on base; Quad Cities 3 - Wausau 0 |
TOP OF THE 4TH |
Quad Cities Angels batting - Pitching for Wausau Timbers : RHP Brian Buckley
|
Batting: RHB Cecil Strawn
|
0-0: TRIPLE (Flyball, 9LD, EV 99.4 MPH)
|
Batting: LHB Matteo Allucingoli
|
0-0: Ball 1-0: Ground out 4-3 (Groundball, 4, EV 91.9 MPH)
|
Batting: RHB Mike Sharperson
|
0-0: SINGLE (Groundball, 4M, EV 108.8 MPH) Cecil Strawn scores
|
Batting: SHB Frank Diaz
|
0-0: Ball 1-0: Swinging Strike 1-1: Fielders Choice at 2nd, 5-4 (Groundball, 15, EV 88.8 MPH)
|
Batting: RHB Dionisio DeJesus
|
0-0: Ball 1-0: Foul Ball, location: 2F 1-1: Ground out 5-3 (Groundball, 56S, EV 69.4 MPH)
|
Top of the 4th over - 1 run, 2 hits, 0 errors, 1 left on base; Quad Cities 4 - Wausau 0 |
BOTTOM OF THE 4TH |
Wausau Timbers batting - Pitching for Quad Cities Angels : RHP Mark Brown
|
Batting: RHB John Nicolo
|
0-0: Called Strike 0-1: SINGLE (Groundball, 56S, EV 75.0 MPH) (infield hit)
|
Batting: LHB Rodney Nealeigh
|
0-0: Ball 1-0: Fly out, F8 (Line Drive, 8RD, EV 93.1 MPH)
|
Batting: RHB Rich Renteria
|
0-0: Ball 1-0: Ball 2-0: Called Strike 2-1: Grounds into double play, 3-6-1 (Groundball, 3, EV 105.0 MPH)
|
Bottom of the 4th over - 0 runs, 1 hit, 0 errors, 0 left on base; Quad Cities 4 - Wausau 0 |
TOP OF THE 5TH |
Quad Cities Angels batting - Pitching for Wausau Timbers : RHP Brian Buckley
|
Batting: LHB Bob Helsom
|
0-0: Swinging Strike 0-1: Foul Ball, location: 2F 0-2: Fly out, F7 (Flyball, 7S, EV 91.9 MPH)
|
Batting: RHB Oscar Mejia
|
0-0: Ball 1-0: Called Strike 1-1: Ball 2-1: DOUBLE (Flyball, 89D, EV 107.5 MPH)
|
Batting: LHB Chuck Sandberg
|
0-0: Intentional Walk
|
Batting: RHB Greg Griffin
|
0-0: Ball 1-0: Grounds into double play, 5-4-3 (Groundball, 56S, EV 88.8 MPH)
|
Top of the 5th over - 0 runs, 1 hit, 0 errors, 1 left on base; Quad Cities 4 - Wausau 0 |
BOTTOM OF THE 5TH |
Wausau Timbers batting - Pitching for Quad Cities Angels : RHP Mark Brown
|
Batting: RHB Douglas Davis
|
0-0: Foul Ball, location: 2F 0-1: Ball 1-1: Ball 2-1: Ball 3-1: Foul Ball, location: 2F 3-2: SINGLE (Line Drive, 7LM, EV 88.8 MPH)
|
Batting: LHB Ricky Seilheimer
|
0-0: Ball 1-0: Called Strike Douglas Davis steals 2nd base 1-1: Ball 2-1: Foul Ball, location: 2F 2-2: Foul Ball, location: 2F 2-2: Reached via error on a dropped throw from SS, E3 (Groundball, 6, EV 93.8 MPH) Douglas Davis to third
|
Batting: LHB Jerry Morton
|
0-0: Fly out, F6 (Popup, 6S, EV 75.0 MPH)
|
Batting: RHB Bruce Chaney
|
0-0: Ball Ricky Seilheimer steals 2nd base 1-0: Called Strike 1-1: Swinging Strike 1-2: Ball 2-2: Ball 3-2: Ground out 4-3 (Groundball, 4, EV 92.5 MPH) Douglas Davis scores Ricky Seilheimer to third
|
Batting: RHB Jeffrey Young
|
0-0: Called Strike 0-1: Fly out, F9 (Flyball, 9, EV 95.0 MPH)
|
Bottom of the 5th over - 1 run, 1 hit, 1 error, 1 left on base; Quad Cities 4 - Wausau 1 |
TOP OF THE 6TH |
Quad Cities Angels batting - Pitching for Wausau Timbers : RHP Brian Buckley
|
Batting: RHB Cecil Strawn
|
0-0: Called Strike 0-1: Foul Ball, location: 2F 0-2: Strikes out swinging
|
Batting: LHB Matteo Allucingoli
|
0-0: Called Strike 0-1: Foul Ball, location: 2F 0-2: Foul Ball, location: 2F 0-2: Ball 1-2: SINGLE (Groundball, 6S, EV 64.4 MPH) (infield hit)
|
Batting: RHB Mike Sharperson
|
0-0: Ball Matteo Allucingoli steals 2nd base 1-0: Fly out, F8 (Flyball, 8LD, EV 86.3 MPH)
|
Batting: SHB Frank Diaz
|
0-0: Called Strike 0-1: Ball 1-1: Swinging Strike 1-2: Ball 2-2: Strikes out swinging
|
Top of the 6th over - 0 runs, 1 hit, 0 errors, 1 left on base; Quad Cities 4 - Wausau 1 |
BOTTOM OF THE 6TH |
Wausau Timbers batting - Pitching for Quad Cities Angels : RHP Mark Brown
|
Batting: RHB John Pignotti
|
0-0: Ball 1-0: Ball 2-0: Ball 3-0: Called Strike 3-1: Foul Ball, location: 2F 3-2: Foul Ball, location: 2F 3-2: Fly out, F8 (Flyball, 8LD, EV 99.4 MPH)
|
Batting: RHB John Nicolo
|
0-0: Ball 1-0: Ball 2-0: Ball 3-0: Called Strike 3-1: Ground out 1-3 (Groundball, 23, EV 76.3 MPH)
|
Batting: LHB Rodney Nealeigh
|
0-0: Called Strike 0-1: Ball 1-1: Ball 2-1: Ball 3-1: Base on Balls
|
Batting: RHB Rich Renteria
|
0-0: Ball Rodney Nealeigh is caught stealing 2nd base 2-4
|
Bottom of the 6th over - 0 runs, 0 hits, 0 errors, 0 left on base; Quad Cities 4 - Wausau 1 |
TOP OF THE 7TH |
Quad Cities Angels batting - Pitching for Wausau Timbers : RHP Brian Buckley
|
Batting: RHB Dionisio DeJesus
|
0-0: Fly out, F8 (Line Drive, 8RD, EV 94.4 MPH)
|
Batting: LHB Bob Helsom
|
0-0: Ball 1-0: Called Strike 1-1: Swinging Strike 1-2: Foul Ball, location: 2F 1-2: Ball 2-2: Ball 3-2: Strikes out swinging
|
Batting: RHB Oscar Mejia
|
0-0: Foul Ball, location: 2F 0-1: Ball 1-1: Ball 2-1: Ball 3-1: SINGLE (Line Drive, 9S, EV 107.5 MPH)
|
Pitching: RHP Jean Marquis
|
|
Batting: LHB Chuck Sandberg
|
0-0: Ball 1-0: Ball 2-0: Called Strike 2-1: Ball 3-1: Called Strike 3-2: Foul Ball, location: 2F 3-2: Ground out 4-3 (Groundball, 4, EV 86.3 MPH)
|
Top of the 7th over - 0 runs, 1 hit, 0 errors, 1 left on base; Quad Cities 4 - Wausau 1 |
BOTTOM OF THE 7TH |
Wausau Timbers batting - Pitching for Quad Cities Angels : RHP Mark Brown
|
Batting: RHB Rich Renteria
|
0-0: SINGLE (Line Drive, 8LS, EV 105.0 MPH)
|
Batting: RHB Douglas Davis
|
0-0: Swinging Strike 0-1: Ball 1-1: Foul Ball, location: 2F 1-2: Ball 2-2: Strikes out swinging
|
Batting: LHB Ricky Seilheimer
|
0-0: Foul Ball, location: 2F 0-1: Ball 1-1: Foul Ball, location: 2F 1-2: Foul Ball, location: 2F 1-2: Foul Ball, location: 2F 1-2: Ball 2-2: Strikes out looking
|
Batting: LHB Jerry Morton
|
0-0: Ball 1-0: Called Strike 1-1: Called Strike 1-2: Foul Ball, location: 2F 1-2: Ball Rich Renteria steals 2nd base 2-2: Ball 3-2: Base on Balls
|
Batting: RHB Bruce Chaney
|
0-0: Ground out 1-3 (Groundball, 15S, EV 68.1 MPH)
|
Bottom of the 7th over - 0 runs, 1 hit, 0 errors, 2 left on base; Quad Cities 4 - Wausau 1 |
TOP OF THE 8TH |
Quad Cities Angels batting - Pitching for Wausau Timbers : RHP Jean Marquis
|
Batting: RHB Greg Griffin
|
0-0: Ball 1-0: SINGLE (Groundball, 6MD, EV 108.1 MPH)
|
Batting: RHB Cecil Strawn
|
0-0: Bunt missed! 0-1: Bunt missed! 0-2: SINGLE (Groundball, 13, EV 86.9 MPH) (infield hit) Greg Griffin to second
|
Batting: LHB Matteo Allucingoli
|
0-0: Ball 1-0: Ball 2-0: Swinging Strike 2-1: Called Strike 2-2: Foul Ball, location: 2F 2-2: SINGLE (Groundball, 34S, EV 70.0 MPH) (infield hit) Greg Griffin to third Cecil Strawn to second
|
Batting: RHB Mike Sharperson
|
0-0: Ball 1-0: Ball 2-0: Called Strike 2-1: Foul Ball, location: 2F 2-2: Grounds into fielders choice 6-2 (Groundball, 6, EV 101.9 MPH) Cecil Strawn to third Matteo Allucingoli to second
|
Batting: SHB Frank Diaz
|
0-0: Grounds into fielders choice 4-2 (Groundball, 4, EV 82.5 MPH) Matteo Allucingoli to third Mike Sharperson to second
|
Batting: RHB Dionisio DeJesus
|
0-0: Fly out, F8 (Line Drive, 8LM, EV 92.5 MPH)
|
Top of the 8th over - 0 runs, 3 hits, 0 errors, 3 left on base; Quad Cities 4 - Wausau 1 |
BOTTOM OF THE 8TH |
Wausau Timbers batting - Pitching for Quad Cities Angels : RHP Mark Brown
|
Batting: RHB Jeffrey Young
|
0-0: Called Strike 0-1: Ball 1-1: SINGLE (Line Drive, 7S, EV 91.3 MPH)
|
Batting: RHB John Pignotti
|
0-0: Ball 1-0: Ball 2-0: Called Strike 2-1: Called Strike 2-2: Ball 3-2: Base on Balls Jeffrey Young to second
|
Batting: RHB John Nicolo
|
0-0: Called Strike 0-1: Ball 1-1: Swinging Strike 1-2: Ball 2-2: Ball 3-2: Base on Balls Jeffrey Young to third John Pignotti to second
|
Pitching: LHP Michael Shoaf
|
|
Pinch Hitting: SHB James Flores
|
0-0: Called Strike 0-1: Swinging Strike 0-2: Strikes out swinging
|
Batting: RHB Rich Renteria
|
0-0: Called Strike 0-1: Swinging Strike 0-2: SINGLE (Groundball, 4M, EV 100.0 MPH) Jeffrey Young scores John Pignotti to third John Nicolo to second Runner from 3rd tries for Home, SAFE, throw by CF to home
|
Batting: RHB Douglas Davis
|
0-0: Fly out, F8 (Line Drive, 8LM, EV 98.8 MPH)
|
Batting: RHB Kevin McDaniel
|
0-0: Ball 1-0: Ball 2-0: Called Strike 2-1: Ball 3-1: Base on Balls John Nicolo to third Rich Renteria to second
|
Batting: LHB Jerry Morton
|
0-0: Fly out, F8 (Flyball, 8LM, EV 88.8 MPH)
|
Bottom of the 8th over - 2 runs, 2 hits, 0 errors, 3 left on base; Quad Cities 4 - Wausau 3 |
TOP OF THE 9TH |
Quad Cities Angels batting - Pitching for Wausau Timbers : RHP Jean Marquis
|
Pitching: RHP Robert Mettler
|
|
Now in RF: Harry Mauch
|
|
Batting: LHB Bob Helsom
|
0-0: Called Strike 0-1: Ball 1-1: Ball 2-1: Ball 3-1: Called Strike 3-2: Fly out, F7 (Flyball, 78D, EV 89.4 MPH)
|
Batting: RHB Oscar Mejia
|
0-0: Ball 1-0: Called Strike 1-1: SINGLE (Line Drive, 6M, EV 111.9 MPH)
|
Batting: LHB Chuck Sandberg
|
0-0: Ball 1-0: Called Strike 1-1: Fly out, F4 (Line Drive, 4, EV 70.0 MPH)
|
Batting: RHB Greg Griffin
|
0-0: Foul Ball, location: 2F 0-1: Swinging Strike 0-2: SINGLE (Line Drive, 9S, EV 87.5 MPH) Oscar Mejia to second Runner from 2nd tries for 3rd, SAFE, no throw by RF
|
Batting: RHB Cecil Strawn
|
0-0: Ball 1-0: Ball 2-0: Foul Ball, location: 2F 2-1: SINGLE (Flyball, 9LS, EV 98.1 MPH) Oscar Mejia scores Greg Griffin to second Runner from 2nd tries for 3rd, OUT! 9-5
|
Top of the 9th over - 1 run, 3 hits, 0 errors, 1 left on base; Quad Cities 5 - Wausau 3 |
BOTTOM OF THE 9TH |
Wausau Timbers batting - Pitching for Quad Cities Angels : LHP Michael Shoaf
|
Batting: RHB Bruce Chaney
|
0-0: Ball 1-0: Swinging Strike 1-1: Swinging Strike 1-2: Strikes out swinging
|
Batting: RHB Jeffrey Young
|
0-0: Ball 1-0: Foul Ball, location: 2F 1-1: Foul Ball, location: 2F 1-2: Foul Ball, location: 2F 1-2: Ball 2-2: Foul Ball, location: 2F 2-2: Ground out U3 (Groundball, 34S, EV 89.4 MPH)
|
Batting: RHB John Pignotti
|
0-0: Foul Ball, location: 2F 0-1: Ball 1-1: Ball 2-1: Ball 3-1: Base on Balls
|
Batting: RHB John Nicolo
|
0-0: Called Strike 0-1: Foul Ball, location: 2F 0-2: Foul Ball, location: 2F 0-2: Foul Ball, location: 2F 0-2: Fly out, F8 (Flyball, 8LM, EV 78.8 MPH)
|
Bottom of the 9th over - 0 runs, 0 hits, 0 errors, 1 left on base; Quad Cities 5 - Wausau 3 |
|